 Dungeon Crawl Stone Soup version 0.27-a0-1144-g0b7d3b79db (webtiles) character file.

Game seed: 14296146527164376277

88 polve the Cutter (level 4, 0/35 HPs)
             Began as a Demonspawn Abyssal Knight on May 10, 2021.
             Was a Believer of Lugonu.
             Succumbed to an adder's poison
             ... on level 2 of the Dungeon.
             The game lasted 00:02:10 (2096 turns).

polve the Cutter (Demonspawn Abyssal Knight)        Turns: 2096, Time: 00:02:11

Health: 0/35       AC:  8    Str: 14    XL:     4   Next: 29%
Magic:  6/6        EV:  6    Int: 13    God:    Lugonu [**....]
Gold:   49         SH:  4    Dex: 12    Spells: 3/3 levels left

rFire    . . .     SeeInvis .   a - +1 short sword
rCold    . . .     Faith    .   (no shield)
rNeg     . . .     Spirit   .   f - +0 chain mail
rPois    .         Reflect  .   (no helmet)
rElec    .         Harm     .   (no cloak)
rCorr    .         Rampage  .   (no gloves)
Will     .....                  (no boots)
Stlth    ..........             (no amulet)
HPRegen  0.11/turn              (no ring)
MPRegen  0.20/turn              (no ring)

@: lethally poisoned (0 -> -3)
A: large bone plates 1, magic regeneration
a: Renounce Religion, Depart the Abyss, Bend Space


You were on level 2 of the Dungeon.
You worshipped Lugonu.
Lugonu was pleased with you.
You visited 1 branch of the dungeon, and saw 3 of its levels.
You visited the Abyss 1 time.

You collected 49 gold pieces.

Inventory:

Hand Weapons
 a - a +1 short sword (weapon)
Armour
 f - a +0 chain mail (worn)
Wands
 h - a wand of mindburst (13)
Scrolls
 c - a scroll of identify {unknown}
 d - a scroll of amnesia {unknown}
 g - 2 scrolls of teleportation {unknown}
 i - a scroll of magic mapping {unknown}
Potions
 b - a potion of heal wounds {unknown}
 e - a potion of haste {unknown}


   Skills:
 - Level 3.0 Fighting
 - Level 4.0 Short Blades
 - Level 1.7 Armour
 - Level 0.8 Dodging
 + Level 3.1 Invocations


You had 3 spell levels left.
You didn't know any spells.
Your spell library was empty.

Dungeon Overview and Level Annotations

Branches:
Dungeon (3/15)

Altars:
Hepliaklqana

Shops:
D:2 [

Portals:
Sewer: D:3


Innate Abilities, Weirdness & Mutations

You are partially covered in large bone plates. (SH +4)
You regenerate magic rapidly.


Message History

The orc priest looks braver for a moment.
The adder bites you.
You are poisoned.
The adder poisons you!
Found a scroll labelled VUSITA OTTIM.
You feel sick.
The orc priest invokes the aid of Beogh against you.
Beogh smites you!
You hear a shout!
You feel sick.
You hear a bark!
The adder bites you.
You feel sick.
You see here a scroll labelled VUSITA OTTIM.
You feel sick.
You feel sick.
You are no longer poisoned.
The adder barely misses you. The adder bites you but does no damage.
You hear the slow rusting of a drain.
The adder bites you.
* * * LOW HITPOINT WARNING * * *
The giant cockroach waves its antennae.
The orc priest miscasts a cantrip.
There is a stone staircase leading up here.
The adder bites you.
* * * LOW HITPOINT WARNING * * *
You are poisoned.
The adder poisons you! The adder barely misses you.
You climb upwards.
* * * LOW HITPOINT WARNING * * *
You feel sick.
There is a stone staircase leading down here.
You barely miss the adder.
* * * LOW HITPOINT WARNING * * *
You feel sick. The adder bites you.
* * * LOW HITPOINT WARNING * * *
You hit the adder.
The adder is lightly wounded.
You die...

#.##.#......# #.##.#.####.#
######.##.#.####.###########
.....#.##.#.##.#...........#
####.#.#....#..#..#######.##
#.#.#..#.#..#..# #.#
#.#.#..#....#..# #.#
####.#.#..#.##.#.S# #.#
†...............@.# #.#
##.#.#.)..######..# #.#
.#.#.#............# #.#
##.#.#....######..# #.#
...#.#............# #.#
####.#.....#......# #.#
...........#......# #.#
######.....#......# #.#
#........#......# #<#


You could see an adder.

Vanquished Creatures
  2 adders (D:2)
  A worm (D:2)
  8 ball pythons
  6 bats
  4 endoplasms
  3 giant cockroaches
  3 goblins (D:1)
  8 hobgoblins
  5 kobolds
  6 quokkas
  6 frilled lizards
  13 rats
65 creatures vanquished.

Notes
Turn   | Place    | Note
-------+----------+-------------------------------------------
     0 | Abyss:1  | polve the Demonspawn Abyssal Knight began the quest for the
                  | Orb.
     0 | Abyss:1  | Reached XP level 1. HP: 18/18 MP: 2/2
    61 | Abyss:1  | Noticed a worldbinder
    71 | Abyss:1  | Noticed a large abomination
    71 | Abyss:1  | Noticed a raiju
    72 | D:1      | Escaped the Abyss
   197 | D:1      | Reached skill level 2 in Short Blades
   331 | D:1      | Reached * piety under Lugonu
   332 | D:1      | Gained mutation: You are partially covered in large bone
                  | plates. (SH +4) [demonic ancestry]
   332 | D:1      | Reached XP level 2. HP: 22/24 MP: 3/3
   616 | D:1      | Reached skill level 3 in Short Blades
   838 | D:1      | Reached XP level 3. HP: 27/29 MP: 4/4
   992 | D:1      | Found a faded altar of an unknown god.
  1226 | D:2      | Reached ** piety under Lugonu
  1505 | D:2      | Found Ifiec's Armour Shoppe.
  1583 | D:2      | Gained mutation: You regenerate magic rapidly. [demonic
                  | ancestry]
  1583 | D:2      | Reached XP level 4. HP: 33/35 MP: 5/5
  1602 | D:2      | Reached skill level 4 in Short Blades
  1927 | D:2      | Found a hazy altar of Hepliaklqana.
  2037 | D:3      | Found a glowing drain.
  2095 | D:2      | HP: 1/35 [adder (3)]
  2096 | D:2      | Succumbed to an adder's poison

Illustrated notes

Levels and vault maps discovered:
D:1:      mainiacjoe_arrival_reflecting_pool, layout_basic,
          hellmonk_ecumenical_altar_arch_garden
D:2:      layout_basic, basic_altar, serial_shops, nicolae_shop_statue_plus,
          minmay_rat_gold_closets
D:3:      layout_rooms, nicolae_gozag_seed_capital, okawaru_altar_gauntlet_db,
          gup_sewer_entry_glass, uniq_robin, uniq_grinder

Skill      XL: |  1  2  3  4 |
---------------+-------------+-----
Short Blades   | 2 3 4 |  4.0
Invocations    | 3 |  3.1
Fighting       | |  3.0
Armour         | |  1.7
Dodging        | |  0.8

Action                   |  1- 3 |  4- 6 || total
-------------------------+-------+-------++-------
Melee: Short sword       |   194 |    37 ||   231
Invok: Depart the Abyss  |     1 |       ||     1
Armor: Leather armour    |    15 |       ||    15
       Chain mail        |    84 |    11 ||    95
Dodge: Dodged            |    67 |     9 ||    76
Block: Other             |    22 |     3 ||    25

Table legend: (Time is in decaauts)
 A = Elapsed time spent in this place.
 B = Non-inter-level travel time spent in this place.
 C = Inter-level travel time spent in this place.
 D = Time resting spent in this place.
 E = Time spent auto-exploring this place.
 F = Levels seen in this place.
 G = Mean time per level.
                   A        B        C        D        E       F      G
               +--------+--------+--------+--------+--------+-----+--------+
         Total |   2077 |   2035 |     42 |      0 |   1567 |   4 |  519.2 |
       Dungeon |   2005 |   1963 |     42 |      0 |   1501 |   3 |  668.3 |
         Abyss |     72 |     72 |      0 |      0 |     66 |   1 |   72.0 |
               +--------+--------+--------+--------+--------+-----+--------+

Top non-repeatable levels by time:
     D:1: 1097 daAuts
     D:2: 854 daAuts
 Abyss:1: 72 daAuts
     D:3: 54 daAuts
